 Dungeon Sprint DCSS version 0.26-a0-663-g36e8fdb655 (webtiles) character file.

Game seed: 9466506097221192920

504 olmar the Cleaver (level 6, -1/60 HPs)
             Began as a Deep Dwarf Fighter on Oct 10, 2020.
             Was an Initiate of Gozag.
             Blown up by a great orb of eyes (41 damage)
             ... with a disintegration bolt
             ... in the Dungeon (Sprint II: "The Violet Keep of Menkaure").
             The game lasted 00:00:54 (99 turns).

olmar the Cleaver (Deep Dwarf Fighter)                Turns: 99, Time: 00:00:55

Health: -1/60      AC:  5    Str: 21    XL:     6   Next: 96%
Magic:  6/6        EV:  9    Int:  9    God:    Gozag
Gold:   243        SH: 11    Dex: 12    Spells: 5/5 levels left

rFire    . . .     SeeInvis .   a - +0 war axe
rCold    . . .     Faith    .   c - +0 kite shield
rNeg     . . .     Spirit   .   b - +0 scale mail
rPois    .         Reflect  .   (no helmet)
rElec    .         Harm     .   (no cloak)
rCorr    .         Rampage  .   (no gloves)
MR       .....     Rnd*Rage +   (no boots) Stlth ..........NoTele +
                                (no amulet)
HPRegen  0.00/turn              (no ring)
MPRegen  0.10/turn              (no ring)

@: non-regenerating
A: damage resistance, heal wounds, berserk 1, blurry vision 1, deformed body,
deterioration 1, frail 1, sense surroundings 1, screaming 1, no regeneration
a: Heal Wounds, Potion Petition, Call Merchant, Bribe Branch, Renounce Religion


You were in the Dungeon.
You worshipped Gozag.
Gozag was aware of your devotion.
You visited 1 branch You collected 243 gold pieces.

Inventory:

Hand Weapons
 a - a +0 war axe (weapon)
Armour
 b - a +0 scale mail (worn)
 c - a +0 kite shield (worn)
Scrolls
 j - a scroll of blinking
Potions
 e - a potion of curing
 h - 2 potions of magic


   Skills:
 + Level 7.6 Fighting
 + Level 8.8 Axes
 + Level 8.7 Armour
 - Level 1.0 Dodging
 + Level 8.1 Shields


You had 5 spell levels left.
You didn't know any spells.
Your spell library was empty.

Dungeon Overview and Level Annotations

Branches:
Dungeon (1/1)

Altars:
Cheibriados
Dithmenos
Elyvilon
Fedhas
Gozag
Hepliaklqana
Kikubaaqudgha
Makhleb
Nemelex Xobeh
Okawaru
Qazlal
Ru
Sif Muna
Trog
Uskayaw
Vehumet
Wu Jian
Xom
Yredelemnul
Zin
The Shining One
Beogh
Jiyva
Lugonu

Shops:
D (?:}![=([[!


Innate Abilities, Weirdness & Mutations

You are resistant to damage.
You can heal yourself by infusing magical energy.
You passively map a small area around you.
You do not regenerate.
You tend to lose your temper in combat.
Scrolls take you a little longer to read.
Armour fits poorly on your strangely shaped body.
Your body sometimes deteriorates upon taking damage.
You are frail. (-10% HP)
You occasionally shout uncontrollably at your foes.


Message History

Really walk into a travel-excluded area?
Okay, then.
You enter the shallow water.
Moving in this stuff is going to be slow.
Really walk into that bolt trap?
You avoid triggering a bolt trap.
There is a bolt trap here.
You open the door.
A great orb of eyes comes into view.
The great orb of eyes moves out of view.
Found a cabochon ring.
Unknown command.
You block the great orb of eyes's attack.
Found a ring mail and 81 gold pieces.
There is an open door here.
You barely miss the great orb of eyes. The great orb of eyes gazes at you.
You are blasted!
Ouch! That really hurt!
You die... ≈≈ * * * ≈ + * .. ** * $ .. ,, , $ $$$ * .. #.* , $$ * *$ .#### +^###* $, $$ $ * ...#$ ...# $ ,$,, $ #* * ..#####.^#*$ $($!(

$ .###+# #..#.=@..# ▓$??!?$
..##.## #..#$G#..# #▓!!?$[!?$
#.'.<.+ $+..####..####▓?$$$)[$
#.##.## #§.§.###^..##▓▓▓▓▓▓▓+*
.###+#**,##......≈≈≈≈≈≈≈≈≈≈≈≈≈, ,
##* $ ###≈≈§§...≈#'########+###
≈# , ,#≈≈≈≈≈≈≈..≈#.._.....#S≈≈##
≈##,* ##§≈§≈≈§§≈.≈#._._....#S§≈§#
≈≈##+##≈≈≈≈§§§≈≈≈≈#_._._...#§≈§§§


You could see a great orb of eyes.

Vanquished Creatures
  4 neqoxecs (D)
4 creatures vanquished.

Vanquished Creatures (others)
  Menkaure (D)
1 creature vanquished.

Grand Total: 5 creatures vanquished

Notes
Turn   | Place    | Note
-------+----------+-------------------------------------------
     0 | D        | olmar the Deep Dwarf Fighter began the quest for the Orb.
     0 | D        | Reached XP level 1. HP: 20/20 MP: 1/1
     1 | D        | Noticed a neqoxec
     1 | D        | Noticed a neqoxec
     1 | D        | Noticed a neqoxec
     1 | D        | Noticed a neqoxec
     3 | D        | Noticed a quasit
     5 | D        | Noticed an iron imp
     5 | D        | Noticed an iron imp
     5 | D        | Gained mutation: You tend to lose your temper in combat. [a
                  | neqoxec]
     6 | D        | Killed Menkaure
    12 | D        | Killed a neqoxec
    12 | D        | Reached skill level 5 in Fighting
    12 | D        | Reached XP level 2. HP: 32/32 MP: 2/2
    12 | D        | Reached XP level 3. HP: 39/39 MP: 3/3
    12 | D        | Reached XP level 4. HP: 46/46 MP: 4/4
    21 | D        | Gained mutation: Armour fits poorly on your strangely
                  | shaped body. [a neqoxec]
    26 | D        | Killed a neqoxec
    26 | D        | Reached skill level 1 in Dodging
    26 | D        | Reached XP level 5. HP: 34/56 MP: 5/5
    28 | D        | Gained mutation: Scrolls take you a little longer to read.
                  | [a neqoxec]
    29 | D        | Gained mutation: You are frail. (-10% HP) [a neqoxec]
    29 | D        | Gained mutation: Your body sometimes deteriorates upon
                  | taking damage. [a neqoxec]
    33 | D        | Killed a neqoxec
    33 | D        | Reached XP level 6. HP: 25/59 MP: 6/6
    35 | D        | Gained mutation: You occasionally shout uncontrollably at
                  | your foes. [a neqoxec]
    41 | D        | Killed a neqoxec
    46 | D        | Found Vera's Antique Armour Boutique.
    47 | D        | Found Noxeiq's Antique Weapon Boutique.
    47 | D        | Found Batim's Jewellery Shop.
    48 | D        | Found Ryboroxi's Distillery.
    48 | D        | Found Wopin's Antique Armour Shop.
    48 | D        | Found Golopusk's Distillery.
    48 | D        | Found Etziheab's Gadget Shop.
    48 | D        | Found Ykhliuvysh's Book Boutique.
    49 | D        | Found Lesuiwo's Antique Armour Shop.
    49 | D        | Found Jaod Wym's Magic Scroll Boutique.
    49 | D        | Found Paqe's Antique Weapon Boutique.
    49 | D        | Noticed a yak
    56 | D        | Noticed an obsidian statue
    65 | D        | Found a stormy altar of Qazlal.
    65 | D        | Found an ornate altar of the Wu Jian Council.
    66 | D        | Found a hazy altar of Hepliaklqana.
    66 | D        | Found a sacrificial altar of Ru.
    68 | D        | Found a roughly hewn altar of Beogh.
    68 | D        | Found a viscous altar of Jiyva.
    68 | D        | Found a shimmering blue altar of Sif Muna.
    69 | D        | Found a snail-covered altar of Cheibriados.
    69 | D        | Found an ancient bone altar of Kikubaaqudgha.
    69 | D        | Found a shimmering altar of Xom.
    69 | D        | Found a bloodstained altar of Trog.
    70 | D        | Found a shadowy altar of Dithmenos.
    70 | D        | Found a corrupted altar of Lugonu.
    71 | D        | Found a white marble altar of Elyvilon.
    71 | D        | Found a burning altar of Makhleb.
    72 | D        | Found a blossoming altar of Fedhas.
    74 | D        | Found an opulent altar of Gozag.
    74 | D        | Found a glowing golden altar of the Shining One.
    74 | D        | Found a basalt altar of Yredelemnul.
    74 | D        | Found a hide-covered altar of Uskayaw.
    74 | D        | Found a sparkling altar of Nemelex Xobeh.
    75 | D        | Found a glowing silver altar of Zin.
    75 | D        | Found a radiant altar of Vehumet.
    75 | D        | Found an iron altar of Okawaru.
    77 | D        | Noticed a water moccasin
    77 | D        | Noticed a water moccasin
    82 | D        | Noticed a flying skull
    82 | D        | Noticed a flying skull
    82 | D        | Became a worshipper of Gozag Ym Sagoz the Greedy
    97 | D        | Noticed a great orb of eyes
    99 | D        | Blown up by a great orb of eyes

Illustrated notes

Levels and vault maps discovered:
D:        the_violet_keep_of_menkaure [sprint2_stairs_cluster_1,
          sprint2_shoproom, sprint2_temple, sprint2_basic_supplies,
          sprint2_obstacle_3, sprint2_obstacle_1, sprint2_obstacle_6,
          sprint2_obstacle_5, sprint2_obstacle_7, sprint2_timed_cluster_1,
          sprint2_smallroom_cluster_1, sprint2_smallroom_final_cluster_1,
          sprint2_transparent_cluster_1, sprint2_second_timed_cluster_1,
          sprint2_sniper_area_1, sprint2_heavy_combat_area_1,
          sprint2_mutation_trap_area_1, sprint2_forest_area_1,
          sprint2_light_combat_area_1, sprint2_behind_water_1,
          sprint2_near_end_vault_1]

Skill      XL: |  1  2  3  4  5  6 |
---------------+-------------------+-----
Fighting       | 5 6 7 |  7.6
Axes           | 4 6 7 8 |  8.8
Armour         | 6 7 8 |  8.7
Shields        | 6 7 8 |  8.1
Dodging        | 1 |  1.0

Action                   |  1- 3 |  4- 6 || total
-------------------------+-------+-------++-------
Melee: War axe           |     9 |    28 ||    37
 Abil: Heal Wounds       |       |     1 ||     1
  Use: Potion            |     2 |     2 ||     4
Armor: Scale mail        |     1 |     5 ||     6
Dodge: Dodged            |     1 |     4 ||     5
Block: Kite shield       |     2 |     6 ||     8

Table legend: (Time is in decaauts)
 A = Elapsed time spent in this place.
 B = Non-inter-level travel time spent in this place.
 C = Inter-level travel time spent in this place.
 D = Time resting spent in this place.
 E = Time spent auto-exploring this place.
 F = Levels seen in this place.
 G = Mean time per level.
                   A        B        C        D        E       F      G
               +--------+--------+--------+--------+--------+-----+--------+
         Total |    114 |    114 |      0 |      0 |      0 |   1 |  114.0 |
       Dungeon |    114 |    114 |      0 |      0 |      0 |   1 |  114.0 |
               +--------+--------+--------+--------+--------+-----+--------+

Top non-repeatable levels by time:
       D: 114 daAuts
